 Dungeon Crawl Stone Soup version 0.29-a0-813-g4a14ea37d6 (webtiles) character file.

Game seed: 18327870896878296819

95 gobodom the Trooper (level 4, -2/37 HPs)
             Began as a Palentonga Fighter on July 4, 2022.
             Slain by a bullfrog (4 damage)
             ... on level 4 of the Dungeon.
             The game lasted 00:07:10 (2744 turns).

gobodom the Trooper (Palentonga Fighter)            Turns: 2744, Time: 00:07:11

Health: -2/37      AC:  8    Str: 22    XL:     4   Next: 39%
Magic:  13/13      EV:  8    Int: 14    God:
Gold:   75         SH:  5    Dex: 18    Spells: 3/3 levels left

rFire   + + .      SeeInvis +   t - +9 dagger "Uzaarif" {vamp, rF+ Str+3 Int+4 Dex+2}
rCold   . . .      Faith    .   c - +0 buckler
rNeg    . . .      Spirit   .   u - +1 ring mail {rF+}
rPois   .          Reflect  .   (no helmet)
rElec   .          Harm     .   k - +0 cloak
rCorr   .          Rampage  .   (no gloves)
Will    .....                   (no barding)
Stlth   +.........              f - amulet of the acrobat
HPRegen 0.12/turn               h - +6 ring of dexterity
MPRegen 0.13/turn               j - ring of magical power

@: mighty
A: large, rugged brown scales 3, see invisible, deformed body, roll 1, armoured
tail
a: Rolling Charge


You were on level 4 of the Dungeon.
You visited 1 branch of the dungeon, and saw 4 of its levels.

You collected 75 gold pieces.

Inventory:

Hand Weapons
 a - a +0 war axe
 t - the +9 dagger "Uzaarif" (weapon) {vamp, rF+ Str+3 Int+4 Dex+2}
   (You found it on level 3 of the Dungeon)

   It occasionally heals its wielder for a portion of the damage dealt when it
   wounds a living foe.
   Str:       It affects your strength (+3).
   Int:       It affects your intelligence (+4).
   Dex:       It affects your dexterity (+2).
   rF:        It protects you from fire.
Armour
 c - a +0 buckler (worn)
 k - a +0 cloak (worn)
 u - a +1 ring mail of fire resistance (worn)
Jewellery
 f - an amulet of the acrobat (around neck)
 h - a +6 ring of dexterity (left hand)
 j - a ring of magical power (right hand)
Scrolls
 l - a scroll of vulnerability {unknown}
 m - a scroll of enchant armour {unknown}
 p - a scroll of fog {unknown}
 v - a scroll of blinking {unknown}
Potions
 b - a potion of haste {unknown}
 d - a potion of might
 e - a potion of degeneration
 g - a potion of mutation
 i - a potion of lignification {unknown}
 n - 2 potions of brilliance {unknown}
 o - 2 potions of berserk rage {unknown}
 q - a potion of flight {unknown}
 r - 3 potions of heal wounds {unknown}
 s - a potion of cancellation {unknown}


   Skills:
 + Level 3.4 Fighting
 + Level 3.0 Axes
 + Level 3.2 Armour
 + Level 0.2 Dodging
 + Level 0.1 Stealth
 + Level 3.0 Shields


You had 3 spell levels left.
You didn't know any spells.
Your spell library contained the following spells:

 Spells                   Type           Power      Damage    Failure   Level
 Static Discharge         Conj/Air       0%         3-3/arc   65%         2
 Conjure Flame            Conj/Fire      0%         6-21      86%         3
 Dazzling Flash           Conj/Hex       0%         N/A       86%         3
 Ignite Poison            Fire/Tmut/Pois 0%         N/A       86%         3
 Iskenderun's Mystic Bla  Conj/Tloc      0%         2d3       99%         4
 Sticky Flame             Conj/Fire      0%         2d3       99%         4
 Lightning Bolt           Conj/Air       0%         1d11      100%        5
 Starburst                Conj/Fire      0%         6d3       100%        6
 Maxwell's Capacitive Co  Air            0%         ∞         100%        8


Dungeon Overview and Level Annotations

Branches:
Dungeon (4/15)
 Temple: D:4-7

Altars:
Qazlal
Zin

Shops:
D:1 *


Innate Abilities, Weirdness & Mutations

You are completely covered in rugged brown scales. (AC +3, +7% HP)
You have supernaturally acute eyesight. (SInv)
Armour fits poorly on your strangely shaped body.
You can roll at nearby foes to attack.
You have a long armoured tail.


Message History

You block the iguana's attack.
You barely miss the iguana.
Your tail-slap misses the iguana.
The iguana is severely wounded.
The bullfrog closely misses you.
The bullfrog hits you but does no damage.
The iguana barely misses you.
You completely miss the adder.
A jackal comes into view.
The bullfrog hits you. You block the adder's attack.
A jackal comes into view.
The iguana barely misses you.
The jackal barks!
You hit the adder.
You feel better.
The adder is heavily wounded.
The bullfrog hits you. The adder bites you.
The bullfrog hits you but does no damage.
An orc comes into view. It is wielding a +0 hand axe.
The iguana bites you!
* * * LOW HITPOINT WARNING * * *
You block the adder's attack.
You feel very mighty all of a sudden.
The bullfrog hits you but does no damage.
The adder barely misses you. The kobold hits you but does no damage.
The iguana bites you.
* * * LOW HITPOINT WARNING * * *
You hit the adder.
You feel better.
You kill the adder!
The bullfrog closely misses you. The bullfrog barely misses you.
The kobold hits you with a +0 dagger.
* * * LOW HITPOINT WARNING * * *
The iguana closely misses you.
Your Axes skill increases to level 3!
The kobold hits you but does no damage. The jackal misses you.
There is a stone staircase leading up, spattered with blood here.
You see here an adder corpse.
The bullfrog hits you.
* * * LOW HITPOINT WARNING * * *
The jackal bites you but does no damage.
You block the jackal's attack. The bullfrog hits you.
You die...

####..#..#
#.........
#......... #
#.......?. ..#
#.........
....##<.....?..
.......l.......
#.##KF#$#....
#...h@.......
##..h........
............#..
......)o.......
##.............
#...#.........
#...#......###
#...###..###


You could see a bullfrog, an iguana, an orc, 2 jackals and a kobold.

Vanquished Creatures
  3 adders
  3 dart slugs
  5 orcs (D:3)
  3 ball pythons
  5 endoplasms
  A giant cockroach (D:3)
  4 hobgoblins (D:1)
  9 jackals
  2 quokkas
  3 bats
  2 frilled lizards
  6 goblins
  A kobold (D:1)
  5 rats
52 creatures vanquished.

Notes
Turn   | Place    | Note
-------+----------+-------------------------------------------
     0 | D:1      | gobodom the Palentonga Fighter began the quest for the Orb.
     0 | D:1      | Reached XP level 1. HP: 19/19 MP: 1/1
   111 | D:1      | Found Kaufa's General Store.
   275 | D:1      | Reached XP level 2. HP: 22/25 MP: 2/2
   949 | D:2      | Reached XP level 3. HP: 25/31 MP: 3/3
  1680 | D:3      | Found a glowing silver altar of Zin.
  2061 | D:3      | Identified the +9 dagger "Uzaarif" {vamp, rF+ Str+3 Int+4
                  | Dex+2}
  2063 | D:3      | Found a stormy altar of Qazlal.
  2113 | D:3      | Reached XP level 4. HP: 37/37 MP: 4/4
  2734 | D:4      | Noticed a bullfrog
  2744 | D:4      | Slain by a bullfrog

Illustrated notes

Levels and vault maps discovered:
D:1:      scummos_arrival_gate, layout_basic, serial_shops, nicolae_shop_stone,
          minmay_misc_feat_square
D:2:      layout_loops_ring, serial_aquarium, aquarium_bridge_straight
          [aquarium_subvault_bridge, aquarium_subvault_window,
          aquarium_subvault_bridge, aquarium_subvault_window],
          aquarium_window_2, aquarium_window_corridor_3, aquarium_view_2d,
          aquarium_balcony_3b, aquarium_pool_2
D:3:      layout_basic, old_standard_altar, general_overflow_altar,
          serial_bayou, serial_bayou_pond_c, serial_bayou_shore_b,
          serial_bayou_ford_a, serial_bayou_pond_b, serial_bayou_shore_b
D:4:      layout_rooms

Skill      XL: |  1  2  3  4 |
---------------+-------------+-----
Shields        | 3 |  3.0
Armour         | 3 |  3.2
Axes           | 3 |  3.0
Fighting       | |  3.4
Dodging        | |  0.2
Stealth        | |  0.1

Action                   |  1- 3 |  4- 6 || total
-------------------------+-------+-------++-------
Melee: War axe           |    86 |       ||    86
       Tailslap          |     8 |     2 ||    10
       Dagger            |     2 |    15 ||    17
 Abil: Rolling Charge    |     9 |     4 ||    13
  Use: Scroll            |     2 |       ||     2
       Potion            |       |     1 ||     1
Armor: Scale mail        |    43 |       ||    43
       Ring mail         |     7 |     7 ||    14
Dodge: Dodged            |    38 |    13 ||    51
Block: Buckler           |    16 |     5 ||    21

Table legend: (Time is in decaauts)
 A = Elapsed time spent in this place.
 B = Non-inter-level travel time spent in this place.
 C = Inter-level travel time spent in this place.
 D = Time resting spent in this place.
 E = Time spent auto-exploring this place.
 F = Levels seen in this place.
 G = Mean time per level.
                   A        B        C        D        E       F      G
               +--------+--------+--------+--------+--------+-----+--------+
         Total |   2796 |   2671 |    125 |      0 |   2253 |   4 |  699.0 |
       Dungeon |   2796 |   2671 |    125 |      0 |   2253 |   4 |  699.0 |
               +--------+--------+--------+--------+--------+-----+--------+

Top non-repeatable levels by time:
     D:3: 1119 daAuts
     D:1: 932 daAuts
     D:2: 733 daAuts
     D:4: 9 daAuts
